 Dungeon Crawl Stone Soup version 0.29-a0-289-g2178c42546 (webtiles) character file.

Game seed: 14695853362064502867

46985 tilp the Destroyer (level 14, 0/69 HPs)
             Began as a Felid Ice Elementalist on Mar 17, 2022.
             Was a High Priest of Vehumet.
             Slain by a wolf spider (3 damage)
             ... on level 1 of the Spider Nest on Mar 18, 2022.
             The game lasted 01:24:28 (51214 turns).

tilp the Destroyer (Felid Ice Elementalist)        Turns: 51214, Time: 01:24:29

Health: 0/69       AC:  3    Str:  6    XL:     14   Next: 6%
Magic:  29/29      EV: 23    Int: 29    God:    Vehumet [*****.]
Gold:   1818       SH:  0    Dex: 19    Spells: 6/33 levels left
                                        Lives:  0   Deaths: 3

rFire   . . .      SeeInvis +     - Unarmed
rCold   + . .      Faith    +   (shield unavailable)
rNeg    + . .      Spirit   .   (body armour unavailable)
rPois   .          Reflect  .   (helmet unavailable)
rElec   +          Harm     .   (cloak unavailable)
rCorr   .          Rampage  .   (gloves unavailable)
Will    ++...                   (boots unavailable)
Stlth   +++++.....              k - amulet of faith
HPRegen 0.21/turn               I - ring of Okawaru's Castigation {Fire rElec}
MPRegen 0.21/turn               v - ring "Tiatyiff" {Ice rN+ Str+2 Int+4 Dex+3}

@: lethally poisoned (0 -> -22), studying Necromancy, quick
A: very small, claws 1, fangs 3, see invisible, speed 1, shaggy fur 3, stealthy
paws, no weapons or thrown items, no armour, multi-lived
a: Renounce Religion


You were on level 1 of the Spider Nest.
You worshipped Vehumet.
Vehumet was extremely pleased with you.
You visited 6 branches of the dungeon, and saw 26 of its levels.
You also visited: Ice Cave.

You collected 2286 gold pieces.
You spent 468 gold pieces at shops.

Inventory:

Jewellery
 a - a +6 ring of dexterity
 f - an amulet of the acrobat
 j - a +4 ring of evasion
 k - an amulet of faith (around neck)
 m - a +6 ring of dexterity
 n - a +4 ring of evasion
 t - a ring of wizardry
 v - the ring "Tiatyiff" (right paw) {Ice rN+ Str+2 Int+4 Dex+3}
   (You acquired it on level 9 of the Dungeon)

   [ring of ice]

   It enhances your ice magic.
   Str:       It affects your strength (+2).
   Int:       It affects your intelligence (+4).
   Dex:       It affects your dexterity (+3).
   rF:        It makes you vulnerable to fire.
   rC:        It protects you from cold.
   rN:        It protects you from negative energy.
 B - a +6 ring of strength
 I - the ring of Okawaru's Castigation (left paw) {Fire rElec}
   (You found it on level 6 of the Lair of Beasts)

   [ring of fire]

   It enhances your fire magic.
   rF:        It protects you from fire.
   rC:        It makes you vulnerable to cold.
   rElec:     It insulates you from electricity.
 M - a ring of wizardry
 N - a ring of poison resistance
Wands
 g - a wand of digging (11)
 r - a wand of polymorph (13)
 s - a wand of iceblast (6)
 x - a wand of flame (8)
 C - a wand of charming (4)
 L - a wand of mindburst (7)
Scrolls
 i - 2 scrolls of fear
 q - 10 scrolls of teleportation
 y - a scroll of holy word
 z - 2 scrolls of immolation
 G - a scroll of fog
 K - 5 scrolls of identify
Potions
 b - 3 potions of brilliance
 c - 4 potions of mutation
 d - a potion of berserk rage
 e - 9 potions of curing
 h - a potion of lignification
 l - 6 potions of haste
 o - 2 potions of resistance
 p - 2 potions of attraction
 u - 2 potions of might
 w - 3 potions of ambrosia
 D - 3 potions of flight
 E - a potion of invisibility
 F - a potion of heal wounds
 H - a potion of magic
Miscellaneous
 J - a lightning rod (4/4)


   Skills:
 + Level 12.8 Fighting
 - Level 8.0 Dodging
 - Level 10.0 Stealth
 - Level 6.0 Unarmed Combat
 + Level 10.0 Spellcasting
 * Level 13.5 Conjurations
 - Level 4.0 Translocations
 * Level 13.4 Ice Magic
 - Level 4.0 Air Magic
 - Level 4.0 Earth Magic
 - Level 8.0 Evocations


You had 6 spell levels left.
You knew the following spells:

 Your Spells              Type           Power      Damage    Failure   Level
b - Frozen Ramparts       Ice            100%       1d12      1%          3
c - Ozocubu's Armour      Ice            96%        N/A       1%          3
d - Hailstorm             Conj/Ice       96%        3d19      1%          4
e - Stone Arrow           Conj/Erth      100%       3d13      1%          3
f - Freezing Cloud        Conj/Ice/Air   42%        6-21      1%          5
g - Blink                 Tloc           74%        N/A       1%          2
h - Ozocubu's Refrigerat  Ice            48%        4d14      3%          7

Your spell library contained the following spells:

 Spells                   Type           Power      Damage    Failure   Level
 Conjure Ball Lightning   Conj/Air       30%        3x3d10    4%          6
 Freeze                   Ice            100%       1d11      0%          1
 Apportation              Tloc           74%        N/A       1%          1
 Sandblast                Erth           74%        2d16      1%          1
 Poisonous Vapours        Pois/Air       52%        N/A       1%          2
 Mephitic Cloud           Conj/Pois/Air  48%        N/A       1%          3
 Iskenderun's Mystic Bla  Conj/Tloc      60%        2d13      1%          4
 Passwall                 Tmut/Erth      21%        N/A       2%          2
 Gell's Gravitas          Tloc           37%        N/A       2%          3
 Lesser Beckoning         Tloc           37%        N/A       2%          3
 Teleport Other           Tloc           37%        N/A       2%          3
 Ice Form                 Ice/Tmut       69%        N/A       2%          4
 Summon Ice Beast         Ice/Summ       69%        N/A       2%          4
 Animate Skeleton         Necr           28%        N/A       3%          1
 Pain                     Necr           56%        1d6       3%          1
 Sting                    Tmut/Pois      56%        1d5       3%          1
 Summon Small Mammal      Summ           56%        N/A       3%          1
 Ignite Poison            Fire/Tmut/Pois 21%        N/A       3%          3
 Iron Shot                Conj/Erth      30%        9d6       4%          6
 Sublimation of Blood     Necr           14%        N/A       5%          2
 Metabolic Englaciation   Hex/Ice        34%        N/A       6%          5
 Passage of Golubria      Tloc           37%        N/A       7%          4
 Call Canine Familiar     Summ           14%        N/A       11%         3
 Summon Guardian Golem    Hex/Summ       14%        N/A       11%         3
 Tukima's Dance           Hex            14%        N/A       11%         3
 Vampiric Draining        Necr           14%        2d7       11%         3
 Olgreb's Toxic Radiance  Pois           14%        N/A       11%         4
 Manifold Assault         Tloc           37%        N/A       21%         5
 Yara's Violent Unravell  Hex/Tmut       7%         3d5       26%         5
 Simulacrum               Ice/Necr       34%        N/A       34%         6
 Borgnjor's Vile Clutch   Necr/Erth      13%        N/A       41%         5
 Alistair's Intoxication  Tmut/Pois      9%         N/A       71%         5
 Blade Hands              Tmut           7%         N/A       71%         5
 Dispersal                Tloc           18%        N/A       73%         6
 Borgnjor's Revivificati  Necr           7%         N/A       100%        8
 Portal Projectile        Hex/Tloc       Unusable   N/A       N/A         3
 Excruciating Wounds      Necr           Unusable   N/A       N/A         5

Dungeon Overview and Level Annotations

Branches:
Dungeon (15/15)            Temple (1/1) D:7            Lair (6/6) D:8
  Swamp (1/4) Lair:2       Spider (1/4) Lair:3        Slime (0/5) Lair:6
    Orc (2/2) D:11            Elf (0/3) Orc:2        Vaults (0/5) D:14
 Depths (0/4) D:15          IceCv (visited)

Altars:
Ashenzari
Cheibriados
Dithmenos
Elyvilon
Fedhas
Gozag
Hepliaklqana
Kikubaaqudgha
Makhleb
Nemelex Xobeh
Okawaru
Qazlal
Ru
Sif Muna
Trog
Uskayaw
Vehumet
Wu Jian
Xom
Yredelemnul
Zin
The Shining One
Beogh
Jiyva

Shops:
D:7 :   Orc:2 =*[((![*[

Annotations:
Spider:1 Roxanne


Innate Abilities, Weirdness & Mutations

You have sharp claws.
You have razor-sharp teeth.
You have supernaturally acute eyesight. (SInv)
You cover ground quickly. (Speed+)
Your thick and shaggy fur keeps you warm. (AC +3, rC+)
Your paws help you pounce on unaware monsters.
You are incapable of wielding weapons or throwing items.
You cannot wear armour.
You gain extra lives every three experience levels.


Message History

You start waiting.
Done waiting.
You are a level 14 Felid Ice Elementalist.
You are 6% of the way to level 15.
You'll get an extra life in 1.94 levels' worth of XP.
Play time: 01:24:22 (51205 turns).
Zot will find you in 26691 turns if you stay in this branch and explore no new floors.
Unknown command.
Things that are here:
a +0 robe; a +0 hand axe of flaming
There is a hole to the Spider Nest here.
This staircase leads to a travel-excluded area!
Enter next level anyway?
Okay, then.
This staircase leads to a travel-excluded area!
Enter next level anyway?
You climb downwards.
Welcome back to the Spider Nest!
This branch contains the gossamer rune of Zot.
Level annotation: Roxanne The jumping spider misses you.
The jumping spider completely misses you.
The wolf spider hits you!
The wolf spider bites you but does no damage.
The broodmother closely misses you.
The jumping spider leaps!
The wolf spider hits you! The wolf spider barely misses you.
The broodmother summons spiders!
There is a crawl-hole back to the Lair, spattered with blood here.
Unknown command.
The wolf spider hits you!!
* * * LOW HITPOINT WARNING * * *
The wolf spider bites you.
* * * LOW HITPOINT WARNING * * *
The wolf spider hits you!
* * * LOW HITPOINT WARNING * * *
The wolf spider bites you!
* * * LOW HITPOINT WARNING * * *
You are lethally poisoned!
The wolf spider poisons you!
The jumping spider leaps!
The wolf spider hits you.
You die...

.#. ..... ...
... .... ..#..
..s. ...#......
..##..#=...#
.....#.#..#.
#)s........
##.°s.8.....
#.°@s.....#
......#s#.....#
....s
#......... #.##
#..#...... #
#..#.....)
#...#....# #...
..#..
#.........


You could see Roxanne, a broodmother, 3 wolf spiders, an orb spider and a
jumping spider.

Vanquished Creatures
  An orc warlord (Orc:2)
  Azrael (Orc:2)
  A bunyip (Swamp:1)
  Snorg (D:12)
  8 hydras
  Harold (D:10)
  7 boulder beetles
  4 vault guards (D:14)
  8 centaur warriors
  4 ogre magi
  A merfolk avatar (Lair:6)
  A death knight (D:11)
  2 tengu warriors (D:14)
  12 two-headed ogres
  A death yak (Lair:2)
  A titan zombie (D:15)
  A skeletal warrior (D:15)
  A sea snake (Lair:6)
  A goliath frog (Swamp:1)
  A lindwurm (Lair:6)
  2 wizards
  A bog body (Lair:2)
  A deep elf pyromancer (D:14)
  10 ugly things
  2 harpies (Lair:6)
  2 necromancers
  2 wolf spiders (Lair:3)
  3 orc knights
  An oklob plant (Lair:4)
  An orc sorcerer (Orc:2)
  A will-o-the-wisp (Swamp:1)
  11 cyclopes
  A frost giant zombie (D:15)
  4 manticores
  A moth of wrath (Lair:3)
  19 elephants
  A frost giant skeleton (D:15)
  A faun (Lair:2)
  5 black mambas
  Maurice (D:12)
  8 cane toads
  A water nymph (Lair:6)
  An ice statue (IceCv)
  2 gargoyles
  2 efreet
  2 torpor snails (Lair:2)
  3 kobold demonologists (D:11)
  An unseen horror (D:11)
  18 komodo dragons
  4 rime drakes
  11 ice devils (IceCv)
  4 entropy weaver simulacra (IceCv)
  3 freezing wraiths
  7 trolls
  2 anaconda simulacra (IceCv)
  A wind drake (Lair:6)
  8 polar bears
  A meliai (Lair:3)
  7 blink frogs
  6 dream sheep (Lair:2)
  2 hornets
  A snapping turtle (Lair:6)
  9 slime creatures
  Sigmund (D:4)
  2 dire elephant simulacra (IceCv)
  A jumping spider (Lair:3)
  2 vampires
  A shadow (D:10)
  2 centaur simulacra
  A culicivora (Lair:3)
  4 wyverns
  3 fire elementals (Orc:2)
  3 wraiths
  6 basilisks
  6 humans (D:14)
  46 yaks
  2 death yak simulacra (IceCv)
  A redback (Lair:3)
  3 vampire mosquitoes (D:10)
  2 steam dragons
  2 wargs
  2 harpy simulacra (IceCv)
  A swamp worm (Swamp:1)
  A human zombie (D:15)
  An acid dragon (D:11)
  13 water moccasins
  Duvessa (D:5)
  4 hell hounds
  2 sky beasts
  43 orc warriors
  4 black bears
  An ice beast (D:5)
  16 ogres
  A black bear (shapeshifter) (D:14)
  A boggart (D:11)
  41 wolves
  17 centaurs
  11 bullfrogs
  7 kobold brigands
  2 necrophages
  A gnoll sergeant (D:9)
  A cane toad simulacrum (IceCv)
  3 scorpions
  A two-headed ogre simulacrum (IceCv)
  6 wights
  Dowan (D:5)
  5 elephant simulacra (IceCv)
  10 killer bees
  6 howler monkeys
  3 electric eels (D:10)
  A vampire bat (Lair:6)
  15 orc priests
  7 hounds
  A jelly (D:6)
  A gnoll shaman (D:9)
  Jessica (D:2)
  6 hell rats (Lair:2)
  7 iguanas
  19 orc wizards
  8 polar bear simulacra (IceCv)
  A troll simulacrum (IceCv)
  4 wolf simulacra (IceCv)
  Robin (D:2)
  An adder (D:4)
  10 gnolls (D:9)
  A shadow imp (D:7)
  14 white imps
  6 ufetubi
  3 worms
  3 dart slugs
  77 orcs
  9 ball pythons
  16 bats
  6 endoplasms
  A giant cockroach (D:1)
  10 goblins
  11 hobgoblins
  5 jackals
  22 kobolds
  5 quokkas
  6 frilled lizards
  4 rats
808 creatures vanquished.

Vanquished Creatures (others)
  A vault guard (D:14)
  A troll (D:9)
  2 foxfires (Swamp:1)
  105 fungi
  145 plants
  13 toadstools (Lair:4)
  10 withered plants (D:15)
277 creatures vanquished.

Grand Total: 1085 creatures vanquished

Notes
Turn   | Place    | Note
-------+----------+-------------------------------------------
     0 | D:1      | tilp the Felid Ice Elementalist began the quest for the
                  | Orb.
     0 | D:1      | Reached XP level 1. HP: 7/7 MP: 4/4
   202 | D:1      | Reached XP level 2. HP: 11/12 MP: 3/6
   572 | D:1      | Reached skill level 1 in Fighting
  1393 | D:1      | Found a faded altar of an unknown god.
  1410 | D:1      | Reached XP level 3. HP: 15/15 MP: 4/7
  1416 | D:1      | Learned a level 3 spell: Frozen Ramparts
  1778 | D:2      | Identified the +6 flail "Wurut" {drain, rF+ Dex+4}
  2084 | D:2      | Noticed Robin
  2567 | D:1      | Learned a level 3 spell: Ozocubu's Armour
  2573 | D:2      | Killed Robin
  2574 | D:2      | Reached XP level 4. HP: 19/19 MP: 1/8
  2741 | D:2      | Noticed Jessica
  2770 | D:2      | Killed Jessica
  3845 | D:4      | Reached skill level 5 in Ice Magic
  3845 | D:4      | Reached XP level 5. HP: 12/22 MP: 0/10
  4217 | D:4      | Noticed a sky beast
  4236 | D:4      | Killed a sky beast
  4237 | D:4      | Gained mutation: You are covered in thick fur. (AC +2)
                  | [Felid growth]
  4237 | D:4      | Reached XP level 6. HP: 26/26 MP: 1/11
  4555 | D:4      | Reached skill level 1 in Unarmed Combat
  4916 | D:4      | Noticed Sigmund
  5115 | D:4      | Learned a level 4 spell: Hailstorm
  5217 | D:4      | Reached XP level 7. HP: 29/31 MP: 3/12
  5623 | D:5      | Entered Level 5 of the Dungeon
  6108 | D:5      | Reached skill level 5 in Stealth
  6206 | D:5      | Noticed Dowan
  6247 | D:5      | Noticed Duvessa
  6762 | D:6      | Reached skill level 1 in Conjurations
  6832 | D:6      | Reached XP level 8. HP: 32/36 MP: 4/13
  7902 | D:7      | Reached skill level 5 in Fighting
  8635 | D:7      | Found a staircase to the Ecumenical Temple.
  8650 | D:7      | Found Girerere's Book Shop.
  8666 | Temple   | Entered the Ecumenical Temple
  9001 | Temple   | Became a worshipper of Vehumet
  9078 | D:7      | Reached XP level 9. HP: 32/40 MP: 3/16
  9601 | D:7      | Learned a level 2 spell: Blink
  9746 | D:8      | Reached skill level 1 in Translocations
 10155 | D:8      | Reached skill level 5 in Conjurations
 10208 | D:8      | Noticed a komodo dragon
 10223 | D:8      | Killed a komodo dragon
 10375 | D:8      | Reached skill level 5 in Spellcasting
 10669 | D:8      | Found a staircase to the Lair.
 11230 | D:9      | Noticed a troll
 11239 | D:9      | Reached XP level 10. HP: 36/45 MP: 1/18
 11559 | D:9      | Reached * piety under Vehumet
 11559 | D:9      | Offered knowledge of Magic Dart by Vehumet.
 12506 | D:9      | Reached ** piety under Vehumet
 12506 | D:9      | Offered knowledge of Foxfire by Vehumet.
 12721 | D:9      | Reached skill level 1 in Evocations
 13259 | D:9      | Identified a scroll of acquirement
 13259 | D:9      | Acquired the ring "Tiatyiff" {Ice rN+ Str+2 Int+4 Dex+3}
 13388 | D:4      | Killed Sigmund
 13517 | D:5      | Killed Duvessa
 13518 | D:5      | Killed Dowan
 13691 | D:10     | Entered Level 10 of the Dungeon
 13824 | D:10     | Reached skill level 5 in Dodging
 13903 | D:10     | Noticed a two-headed ogre
 13913 | D:10     | Killed a two-headed ogre
 14211 | D:10     | Noticed a manticore
 14223 | D:10     | Killed a manticore
 14224 | D:10     | Reached XP level 11. HP: 42/50 MP: 7/19
 14448 | D:10     | Noticed a wizard
 14448 | D:10     | Found the +5 scythe "Finisher" {speed, eviscerate}
 14452 | D:10     | Killed a wizard
 14452 | D:10     | Offered knowledge of Stone Arrow by Vehumet.
 14457 | D:10     | Noticed Harold
 14498 | D:10     | Killed Harold
 14498 | D:10     | Reached *** piety under Vehumet
 14806 | D:10     | Got the Incunabulum of Feathery Stones
 15025 | D:10     | Found a white marble altar of Elyvilon.
 15204 | D:10     | Learned a level 3 spell: Stone Arrow
 15239 | D:11     | Offered knowledge of Sticky Flame by Vehumet.
 15414 | D:11     | Found Zin's Purification Station.
 15418 | D:11     | Found a glowing silver altar of Zin.
 15513 | D:11     | Bought a potion of curing for 90 gold pieces
 15528 | D:11     | Reached skill level 1 in Earth Magic
 16447 | D:11     | Reached **** piety under Vehumet
 16656 | D:11     | Offered knowledge of Airstrike by Vehumet.
 17127 | D:11     | Found a staircase to the Orcish Mines.
 17784 | Lair:1   | Entered Level 1 of the Lair of Beasts
 18400 | Lair:1   | Gained mutation: Your thick and shaggy fur keeps you warm.
                  | (AC +3, rC+) [Felid growth]
 18400 | Lair:1   | Reached XP level 12. HP: 57/57 MP: 8/22
 18454 | Lair:1   | Reached ***** piety under Vehumet
 18462 | Lair:1   | Offered knowledge of Lightning Bolt by Vehumet.
 19277 | Lair:1   | Learned a level 5 spell: Freezing Cloud
 19379 | Lair:2   | Reached skill level 10 in Fighting
 19394 | Lair:2   | Reached skill level 1 in Air Magic
 19400 | Lair:2   | Found a staircase to the Swamp.
 20169 | Lair:2   | Noticed a death yak
 20725 | Lair:2   | Reached skill level 10 in Ice Magic
 20821 | Lair:2   | Reached skill level 10 in Conjurations
 20824 | Lair:2   | Reached XP level 13. HP: 61/61 MP: 10/24
 21739 | Lair:3   | Found a frozen archway.
 21834 | IceCv    | Entered an ice cave
 23444 | IceCv    | Found an ancient bone altar of Kikubaaqudgha.
 23712 | IceCv    | HP: 1/61 [ice devil (3)]
 23713 | IceCv    | Slain by an ice devil
 23714 | IceCv    | Reached XP level 12. HP: 0/58 MP: 23/23
 23766 | IceCv    | Offered knowledge of Lee's Rapid Deconstruction by Vehumet.
 24760 | IceCv    | Reached skill level 5 in Evocations
 25290 | IceCv    | Got the Volume of Ghastly Dislocation
 25521 | Lair:3   | Reached skill level 5 in Unarmed Combat
 25728 | Lair:3   | Found a hole to the Spider Nest.
 26567 | Lair:4   | Noticed a seven-headed hydra
 26579 | Lair:4   | Killed a seven-headed hydra
 26830 | Lair:4   | Found a blossoming altar of Fedhas.
 27288 | Lair:4   | Reached XP level 13. HP: 62/62 MP: 14/25
 28038 | Lair:5   | Reached ****** piety under Vehumet
 28739 | Lair:5   | Offered knowledge of Eringya's Noxious Bog by Vehumet.
 29061 | Lair:5   | Reached skill level 10 in Stealth
 30867 | Orc:1    | Entered Level 1 of the Orcish Mines
 32104 | Orc:2    | Entered Level 2 of the Orcish Mines
 32104 | Orc:2    | Found Capac's Jewellery Shop.
 32190 | Orc:2    | Found Qociconk's Weapon Emporium.
 32198 | Orc:2    | Found Xiec's Antique Armour Emporium.
 32410 | Orc:2    | Found Elyul's General Store.
 32633 | Orc:2    | Found a staircase to the Elven Halls.
 32641 | Orc:2    | Found Enuell's Weapon Emporium.
 32643 | Orc:2    | Noticed Azrael
 32655 | Orc:2    | Killed Azrael
 33898 | Orc:2    | Reached XP level 14. HP: 67/67 MP: 19/27
 33998 | Orc:2    | Offered knowledge of Ozocubu's Refrigeration by Vehumet.
 34007 | Orc:2    | Learned a level 7 spell: Ozocubu's Refrigeration
 34261 | Orc:2    | HP: 1/67 [centaur warrior/arrow (22)]
 35075 | Orc:2    | Noticed an orc warlord
 35719 | Orc:2    | Found Cinikho's Antique Armour Emporium.
 35719 | Orc:2    | Found Ipruhy's Assorted Antiques.
 35721 | Orc:2    | Found Orphoogir's Armour Boutique.
 35723 | Orc:2    | Found Ruzomaykh's Distillery.
 35779 | Orc:2    | Killed an orc warlord
 36132 | Orc:2    | Bought a potion of flight for 48 gold pieces
 36132 | Orc:2    | Bought a potion of invisibility for 128 gold pieces
 36132 | Orc:2    | Bought a potion of curing for 48 gold pieces
 36159 | Orc:2    | Bought a scroll of teleportation for 42 gold pieces
 36159 | Orc:2    | Bought a scroll of identify for 28 gold pieces
 36161 | Orc:2    | Bought 2 potions of curing for 84 gold pieces
 37809 | D:11     | Identified the +2 chain mail of Chimes {rF+}
 39012 | Lair:6   | Entered Level 6 of the Lair of Beasts
 40550 | Lair:6   | Found a viscous altar of Jiyva.
 40550 | Lair:6   | Found a staircase to the Slime Pits.
 40771 | Lair:6   | Offered knowledge of Starburst by Vehumet.
 40930 | Lair:6   | Noticed Nessos
 40934 | Lair:6   | Noticed Nessos
 40934 | Lair:6   | Nessos changed into Nessos the water nymph
 40940 | Lair:6   | Killed Nessos the water nymph
 42301 | Lair:6   | Identified the ring of Okawaru's Castigation {Fire rElec}
 43537 | D:12     | Noticed Snorg
 43592 | D:12     | You fall into a shaft and drop 2 floors!
 43599 | D:14     | Reached XP level 15. HP: 69/72 MP: 19/29
 44491 | D:13     | Found a bloodstained altar of Trog.
 44834 | D:12     | Noticed Maurice
 44836 | D:12     | Killed Maurice
 44906 | D:12     | HP: 3/72 [Snorg (6)]
 44907 | D:12     | Slain by Snorg
 44908 | D:12     | Reached XP level 14. HP: -5/69 MP: 6/28
 44939 | D:12     | Killed Snorg
 46625 | D:15     | Entered Level 15 of the Dungeon
 46704 | D:15     | Found a staircase to the Depths.
 47465 | D:15     | Offered knowledge of Conjure Ball Lightning by Vehumet.
 49262 | D:14     | Reached skill level 10 in Spellcasting
 49465 | D:14     | Found a gate to the Vaults.
 49727 | Swamp:1  | Entered Level 1 of the Swamp
 50519 | Swamp:1  | Reached XP level 15. HP: 42/73 MP: 9/30
 50689 | Spider:1 | Entered Level 1 of the Spider Nest
 50689 | Spider:1 | Noticed Roxanne
 50887 | Lair:3   | Slain by a jumping spider
 50888 | Lair:3   | Reached XP level 14. HP: 1/69 MP: 29/29
 51214 | Spider:1 | HP: 3/69 [wolf spider[a broodmother] (11)]
 51214 | Spider:1 | Slain by a wolf spider

Illustrated notes

Levels and vault maps discovered:
D:1:      ebering_trefoil_twist, layout_basic, dreamdust_ecumenical_altar_grove
D:2:      layout_loops_cross, uniq_jessica, uniq_robin
D:3:      layout_basic, corexii_corridor_pit
D:4:      layout_basic, hangedman_decor_slide_cut,
          hangedman_abyss_or_decor_jellyfish_corner, uniq_sigmund
D:5:      layout_rooms, uniq_duvessa
D:6:      layout_loops_corners
D:7:      layout_basic, minmay_temple_entry_trees, serial_shops,
          nicolae_shop_trees, nicolae_figureground_pulse
D:8:      layout_loops_ring, due_lair_maze_entry_diamond
D:9:      layout_gridville, minmay_lizard_king
D:10:     cheibrodos_wizards_tower, layout_basic, kennysheep_mini, serial_bayou,
          serial_bayou_pond_a, serial_bayou_crossing, serial_bayou_shore_b,
          serial_bayou_pond_e, serial_bayou_pond_b, serial_bayou_pond_a,
          uniq_harold
D:11:     minmay_the_grid_triangle_9x9_rhombus_full
          [minmay_the_grid_triangle_9x9_minimal,
          minmay_the_grid_triangle_9x9_empty,
          minmay_the_grid_triangle_9x9_longest,
          minmay_the_grid_triangle_9x9_warning,
          minmay_the_grid_triangle_9x9_pentomino_pain,
          minmay_the_grid_triangle_9x9_skeleton,
          minmay_the_grid_triangle_9x9_stretched_checkered,
          minmay_the_grid_triangle_9x9_prize_center], layout_stronghold,
          david_orc_5, hangedman_decor_peaks_small, zin_purify
D:12:     layout_loops_ring, uniq_maurice, uniq_snorg
D:13:     layout_basic, trog_butcher_becter
D:14:     layout_gridville, ximxim_vaults_locker_room,
          chequers_serial_rivers_room_b
D:15:     gammafunk_depths_entry_grave, layout_irregular_city,
          hangedman_abyss_or_decor_stabs
Temple:   mainiacjoe_temple_circle_huts
Lair:1:   layout_cellular_growth, serial_bayou_pond_d
Lair:2:   layout_chaotic_city, skrybe_swamp_entry_bodies,
          grunt_forest_large_clearings
Lair:3:   layout_regular_city, hellmonk_spider_entry_not_the_bees,
          portal_ice_cave_entry_imps, serial_bayou_shore_a
Lair:4:   layout_regular_city, enter_volcano_3, tgw_fedhas, grunt_megastairs_2
Lair:5:   statuecave_lemuel, layout_loops_ring, fungi_pond_lemuel
Lair:6:   gammafunk_lair_ancient_temple, layout_cellular_growth, slime_altar_1,
          roderic_batcave, uniq_nessos
Swamp:1:  layout_basic_swamp, nicolae_swamp_trees_clearing,
          infiniplex_staircase_pool
Spider:1: nicolae_spider_mines_2, hangedman_spider_tarantella_strand,
          uniq_roxanne
Orc:1:    layout_caves
Orc:2:    st_orc_rangers, layout_caves, serial_shops, nicolae_shop_waterfront,
          nicolae_shop_window_shopping, shop, shop_fountains,
          nicolae_shop_window_shopping, uniq_azrael

Skill      XL: |  1  2  3  4  5  6  7  8  9 10 11 12 13 14 |
---------------+-------------------------------------------+-----
Fighting       | 1 2 3 4 5 6 7 9 10 11 12 | 12.8
Ice Magic      | 4 5 6 7 8 10 11 13 | 13.4
Spellcasting   | 3 4 5 6 7 8 10 | 10.0
Dodging        | 3 4 5 6 7 8 |  8.0
Stealth        | 3 6 7 8 9 10 | 10.0
Unarmed Combat | 1 2 3 4 5 6 |  6.0
Conjurations   | 1 4 6 8 10 11 13 | 13.5
Translocations | 4 |  4.0
Evocations     | 3 4 5 7 8 |  8.0
Earth Magic    | 2 4 |  4.0
Air Magic      | 4 |  4.0

Action                   |  1- 3 |  4- 6 |  7- 9 | 10-12 | 13-15 || total
-------------------------+-------+-------+-------+-------+-------++-------
Melee: Unarmed           |    19 |    28 |   125 |   116 |   155 ||   443
       Bite              |     2 |     4 |    13 |    21 |    31 ||    71
       Punch             |       |     1 |     3 |     7 |     9 ||    20
 Cast: Freeze            |    54 |    44 |    59 |    30 |     5 ||   192
       Frozen Ramparts   |     4 |    15 |    29 |    83 |    50 ||   181
       Ozocubu's Armour  |     1 |     7 |    24 |    65 |    98 ||   195
       Hailstorm         |       |       |    12 |   102 |    46 ||   160
       Stone Arrow       |       |       |       |   177 |   536 ||   713
       Freezing Cloud    |       |       |       |       |   102 ||   102
       Ozocubu's Refrige |       |       |       |       |     1 ||     1
Evoke: Wand              |       |       |       |     4 |    19 ||    23
  Use: Scroll            |     3 |     4 |     5 |     6 |    10 ||    28
       Potion            |       |       |     1 |     3 |     6 ||    10
 Stab: Sleeping          |     4 |     7 |     4 |     1 |    22 ||    38
       Paralysed         |       |       |       |       |     2 ||     2
Armor: Skin              |     5 |     7 |    14 |    24 |    67 ||   117
Dodge: Dodged            |    41 |    58 |   257 |   276 |   526 ||  1158

Table legend: (Time is in decaauts)
 A = Elapsed time spent in this place.
 B = Non-inter-level travel time spent in this place.
 C = Inter-level travel time spent in this place.
 D = Time resting spent in this place.
 E = Time spent auto-exploring this place.
 F = Levels seen in this place.
 G = Mean time per level.
                   A        B        C        D        E       F      G
               +--------+--------+--------+--------+--------+-----+--------+
         Total |  47398 |  44887 |   2511 |  19839 |  18870 |  27 | 1755.5 |
       Dungeon |  25313 |  23893 |   1420 |   9036 |  11590 |  15 | 1687.5 |
        Temple |    282 |    255 |     27 |      0 |    237 |   1 |  282.0 |
          Lair |  13251 |  12387 |    864 |   5662 |   5163 |   6 | 2208.5 |
         Swamp |    487 |    487 |      0 |    412 |     29 |   1 |  487.0 |
   Spider Nest |     10 |     10 |      0 |      0 |      0 |   1 |   10.0 |
  Orcish Mines |   4612 |   4414 |    198 |   2178 |   1429 |   2 | 2306.0 |
      Ice Cave |   3439 |   3439 |      0 |   2549 |    419 |   1 | 3439.0 |
               +--------+--------+--------+--------+--------+-----+--------+

Top non-repeatable levels by time:
    D:11: 5151 daAuts
   IceCv: 3439 daAuts
  Lair:5: 2768 daAuts
  Lair:6: 2620 daAuts
   Orc:1: 2563 daAuts
  Lair:2: 2461 daAuts
    D:15: 2344 daAuts
  Lair:4: 2216 daAuts
   Orc:2: 2049 daAuts
     D:9: 1909 daAuts
     D:4: 1865 daAuts
     D:8: 1775 daAuts
  Lair:1: 1739 daAuts
    D:14: 1734 daAuts
     D:6: 1633 daAuts
